[Event "ICC tourney 2028 (45 10)"]
[Site "Internet Chess Club"]
[Date "2020.10.03"]
[Round "5"]
[White "mehtaaditya"]
[Black "aryababu25"]
[Result "1-0"]
[ICCResult "Black resigns"]
[WhiteElo "1586"]
[BlackElo "1429"]
[Opening "Four knights: Spanish variation"]
[ECO "C48"]
[NIC "KP.03"]
[Time "21:01:13"]
[TimeControl "2700+10"]

1. e4 e5 2. Nf3 Nc6 3. Nc3 Nf6 4. Bb5 d6 5. d3 Bd7 6. Bg5 Be7 7. O-O O-O 8.
Ne2 h6 9. Bd2 a6 10. Ba4 b5 11. Bb3 Be6 12. Ng3 Qd7 13. Bxe6 fxe6 14. c3 d5
15. exd5 exd5 16. Re1 Bd6 17. Nh4 Ne7 18. a4 Ng4 19. Nf3 Ng6 20. h3 Nf6 21.
Qc2 Rae8 22. axb5 axb5 23. Bc1 b4 24. c4 d4 25. Bd2 Rb8 26. b3 c5 27. Bc1
Nf4 28. Nd2 N6h5 29. Nxh5 Nxh5 30. Ne4 Be7 31. f3 Rbc8 32. Bd2 Bh4 33. Red1
Nf6 34. Be1 Bxe1 35. Rxe1 Nxe4 36. Rxe4 Rce8 37. Rae1 Qd6 38. Qe2 Rf5 39. f4
Ref8 40. fxe5 Qg6 41. e6 Rf2 42. Qxf2 Rxf2 43. Kxf2 Qf6+ 44. Kg1 Qe7 45. g4
Kh7 46. Rf1 Qh4 47. Kh2 Qg5 48. Rff4 Qe7 49. Kg3 g5 50. Rf7+ Kg8 {Black
resigns} 1-0

[Event "ICC tourney 2028 (45 10)"]
[Site "Internet Chess Club"]
[Date "2020.10.03"]
[Round "5"]
[White "BobbyFissure"]
[Black "VirginiaGuy"]
[Result "0-1"]
[ICCResult "White resigns"]
[WhiteElo "1443"]
[BlackElo "1395"]
[Opening "Van't Kruijs opening"]
[ECO "A00"]
[Time "21:01:13"]
[TimeControl "2700+10"]

1. e3 d5 2. b3 e5 3. Bb2 Nc6 4. Bb5 Bd6 5. Nc3 Nf6 6. Nge2 O-O 7. O-O a6 8.
Bxc6 bxc6 9. Ng3 Bg4 10. f3 Be6 11. Nce2 Rb8 12. c3 c5 13. Qc2 a5 14. Nf5
Qd7 15. Nxd6 cxd6 16. d4 Rfc8 17. Rfd1 Bf5 18. Qd2 c4 19. g4 Bd3 20. Nc1 e4
21. h3 exf3 22. Nxd3 cxd3 23. Qf2 Qb5 24. Qxf3 a4 25. b4 Ne4 26. Rac1 Ng5
27. Qf1 Re8 28. Rxd3 Nxh3+ 29. Kg2 Ng5 30. Rcd1 Re4 31. Kg3 Rbe8 32. Bc1 Qc4
33. a3 h6 34. Qf5 R8e6 35. Qf2 Rf6 36. Qc2 Qc8 37. Qe2 Rf3+ 38. Qxf3 Nxf3
39. Kxf3 Qxg4+ 40. Kf2 Qh4+ 41. Ke2 Qh2+ 42. Kf3 g5 43. Rg1 Qxg1 44. Bd2
Qf1+ {White resigns} 0-1

[Event "ICC tourney 2028 (45 10)"]
[Site "Internet Chess Club"]
[Date "2020.10.03"]
[Round "5"]
[White "jason54312"]
[Black "FlowingMelody"]
[Result "1-0"]
[ICCResult "Black resigns"]
[WhiteElo "1588"]
[BlackElo "1324"]
[Opening "Giuoco Piano"]
[ECO "C50"]
[NIC "IG.02"]
[Time "21:01:25"]
[TimeControl "2700+10"]

1. e4 e5 2. Nf3 Nc6 3. Bc4 Bc5 4. O-O Nf6 5. d3 d6 6. c3 a6 7. Be3 Bxe3 8.
fxe3 Ng4 9. Re1 Be6 10. Bb3 Qd7 11. d4 exd4 12. exd4 Bxb3 13. axb3 O-O 14.
c4 Rfe8 15. Nc3 Nf6 16. e5 dxe5 17. dxe5 Qxd1 18. Raxd1 Ng4 19. Rd5 Rad8 20.
Rxd8 Rxd8 21. h3 Nh6 22. Nd5 Rd7 23. e6 fxe6 24. Rxe6 Nd8 25. Re8+ Kf7 26.
Re4 Nc6 27. Ng5+ Kg6 28. Ne6 Kf5 29. Nc5 Rf7 30. g4+ Kg5 31. Ne6+ Kh4 32.
g5+ Kxh3 33. gxh6 Kg3 34. hxg7 Rxg7 35. Nxg7 {Black resigns} 1-0

[Event "ICC tourney 2028 (45 10)"]
[Site "Internet Chess Club"]
[Date "2020.10.03"]
[Round "5"]
[White "Florina12345"]
[Black "Kyle45"]
[Result "0-1"]
[ICCResult "White resigns"]
[WhiteElo "1317"]
[BlackElo "1096"]
[Opening "Sicilian defense"]
[ECO "B41"]
[NIC "SI.41"]
[Time "21:01:08"]
[TimeControl "2700+10"]

1. e4 c5 2. Nf3 e6 3. d4 cxd4 4. Nxd4 Bc5 5. Be3 Qb6 6. b3 Nc6 7. c3 g6 8.
Be2 e5 9. Nxc6 Bxe3 10. fxe3 bxc6 11. Qd6 Qxe3 12. Qxe5+ Kf8 13. Qxh8 Ba6
14. c4 Qc1+ 15. Bd1 Re8 16. Qd4 Qf4 17. Nc3 d5 18. Rf1 Qh4+ 19. g3 Qxh2 20.
Qe3 dxc4 21. bxc4 Qb2 22. Qf3 f5 23. Rb1 Qh2 24. Qe3 Nf6 25. Qc5+ Kf7 26.
Qxa7+ Re7 27. Qxa6 Qxg3+ 28. Kd2 Rd7+ 29. Nd5 Nxe4+ 30. Kc1 cxd5 31. Rf3
Qg5+ 32. Kb2 Qd2+ 33. Ka3 dxc4 34. Qxc4+ Kg7 35. Bb3 Ra7+ 36. Ba4 Qd6+ 37.
Rb4 Rc7 38. Qb3 h5 39. Qb2+ Kh7 40. Rf1 Rc3+ 41. Bb3 Qa6+ 42. Ra4 Qd6+ 43.
Rb4 Qa6+ 44. Ra4 Rxb3+ 45. Qxb3 Qxf1 46. Qf7+ Kh6 47. Qf8+ Kg5 48. Qe7+ Kh6
49. Qf8+ Kg5 50. Qe7+ Kg4 51. Qg7 Qc1+ 52. Qb2 Qxb2+ 53. Kxb2 h4 54. Rd4 h3
55. Rd1 Kg3 56. a4 Kg2 57. a5 Nc5 58. Rd2+ Kg3 59. Kc3 h2 60. Rd1 Kg2 61.
Kc4 Na6 62. Kb5 f4 63. Kxa6 h1=Q 64. Rxh1 Kxh1 65. Kb7 f3 66. a6 f2 67. a7
f1=Q 68. a8=Q Qf3+ 69. Kb8 Qxa8+ {White resigns} 0-1

[Event "ICC tourney 2028 (45 10)"]
[Site "Internet Chess Club"]
[Date "2020.10.03"]
[Round "5"]
[White "Deng16"]
[Black "WizardY"]
[Result "0-1"]
[ICCResult "White checkmated"]
[WhiteElo "1304"]
[BlackElo "1445"]
[Opening "Sicilian: dragon variation"]
[ECO "B70"]
[NIC "SI.15"]
[Time "21:01:25"]
[TimeControl "2700+10"]

1. e4 c5 2. Nf3 d6 3. d4 cxd4 4. Nxd4 Nf6 5. Nc3 g6 6. Bc4 Bg7 7. Be3 O-O 8.
O-O Ng4 9. Qd2 Nxe3 10. Qxe3 Nc6 11. Nf3 Bd7 12. Rad1 Rc8 13. b3 a6 14. a4
Na5 15. Nd2 Bxc3 16. Qxc3 b5 17. Bxf7+ Rxf7 18. Qd3 bxa4 19. bxa4 Bxa4 20.
Qxa6 Rc6 21. Qe2 Rxc2 22. Qe3 Rxd2 23. Qxd2 Bxd1 24. Rxd1 Nc4 25. Qa2 Ne5
26. Rc1 Qf8 27. Qe6 Qh6 28. Rc8+ Kg7 29. Qa2 Ng4 30. h3 Nxf2 31. Qb3 Nxe4
32. Qb8 Qe3+ 33. Kh2 Qg3+ 34. Kg1 Rf1+ 35. Kxf1 Qf2# {White checkmated} 0-1

[Event "ICC tourney 2028 (45 10)"]
[Site "Internet Chess Club"]
[Date "2020.10.03"]
[Round "5"]
[White "aakashjr"]
[Black "Dhruti813kob36"]
[Result "1/2-1/2"]
[ICCResult "Game drawn by mutual agreement"]
[WhiteElo "1497"]
[BlackElo "1434"]
[Opening "Giuoco Piano: Greco's attack"]
[ECO "C54"]
[NIC "IG.02"]
[Time "21:01:13"]
[TimeControl "2700+10"]

1. e4 e5 2. Nf3 Nc6 3. Bc4 Bc5 4. c3 Nf6 5. d4 exd4 6. cxd4 Bb4+ 7. Nc3 d5
8. exd5 Nxd5 9. O-O Bxc3 10. bxc3 O-O 11. Qd3 h6 12. Re1 Be6 13. Ba3 Re8 14.
Bxd5 Bxd5 15. Rxe8+ Qxe8 16. Re1 Qd7 17. Ne5 Qe6 18. c4 Nxe5 19. Rxe5 Bxc4
20. Qc3 Qa6 21. Rc5 Re8 22. h3 Bxa2 23. Rxc7 Re2 24. Rc8+ Kh7 25. Rc7 Qg6
26. Qf3 {Game drawn by mutual agreement} 1/2-1/2

[Event "ICC tourney 2028 (45 10)"]
[Site "Internet Chess Club"]
[Date "2020.10.03"]
[Round "5"]
[White "tightfist"]
[Black "lerui"]
[Result "0-1"]
[ICCResult "White resigns"]
[WhiteElo "1538"]
[BlackElo "1105"]
[Opening "Dunst (Sleipner, Heinrichsen) opening"]
[ECO "A00"]
[NIC "VO.15"]
[Time "21:02:02"]
[TimeControl "2700+10"]

1. Nc3 Nc6 2. d4 d5 3. g3 e6 4. Bg2 Bd6 5. Nf3 Nf6 6. O-O O-O 7. Bg5 h6 8.
Bxf6 Qxf6 9. Nb5 Qe7 10. a3 Bd7 11. Qd3 a6 12. Nxd6 Qxd6 13. c4 dxc4 14.
Qxc4 Na5 15. Qc2 Nc6 16. Rac1 Rac8 17. e3 Ne7 18. Ne5 Bb5 19. Rfe1 Nd5 20.
a4 Bd7 21. Qb3 Rb8 22. Nc4 Qe7 23. e4 Nf6 24. Ne5 Rfc8 25. Rc2 Qe8 26. Nxd7
Qxd7 27. Qc4 c6 28. Bh3 Qe7 29. Bg2 Qd7 30. b4 Rd8 31. Rd1 Kh8 32. f3 e5 33.
Rcd2 exd4 34. Rxd4 Qe7 35. Rxd8+ Rxd8 36. Rxd8+ Qxd8 37. Qc2 Qd4+ 38. Kf1
Qxb4 39. Ke2 Qd4 40. Kf1 Nd7 41. Bh3 Nb6 42. a5 Qa1+ 43. Ke2 Qxa5 44. f4
Qh5+ 45. Kf2 Qxh3 46. Kg1 Qd7 47. Qb3 Qd4+ 48. Kf1 Kg8 49. e5 a5 50. Qb1
Qc4+ 51. Kg2 Qb5 52. Qc1 a4 53. h4 Qd5+ 54. Kf2 Qb3 55. Qd2 Nd5 56. Qa5 Qe3+
57. Kg2 a3 58. Qa8+ Kh7 59. Qxb7 a2 60. Qb2 Qe4+ 61. Kh2 Qb1 {White resigns}
0-1

[Event "ICC tourney 2028 (45 10)"]
[Site "Internet Chess Club"]
[Date "2020.10.03"]
[Round "5"]
[White "miyzhang"]
[Black "bgl2011"]
[Result "1/2-1/2"]
[ICCResult "Black stalemated"]
[WhiteElo "1302"]
[BlackElo "1472"]
[Opening "Giuoco Piano"]
[ECO "C54"]
[NIC "IG.02"]
[Time "21:01:12"]
[TimeControl "2700+10"]

1. e4 e5 2. Nf3 Nc6 3. Bc4 Bc5 4. c3 Nf6 5. d3 h6 6. h3 d6 7. Bb3 O-O 8. g4
d5 9. Qe2 dxe4 10. dxe4 Qd7 11. g5 hxg5 12. Bxg5 Nh7 13. Bh4 Be7 14. Bg3 Bd6
15. Nbd2 Qe7 16. O-O-O Be6 17. Bh4 Qe8 18. Rhg1 Bxb3 19. Nxb3 Ne7 20. Ng5
Ng6 21. Nxh7 Kxh7 22. Qh5+ Kg8 23. Bg5 Qe6 24. h4 Be7 25. Bxe7 Qxe7 26. Qg4
Qf6 27. h5 Qf4+ 28. Kb1 Qxg4 29. Rxg4 Nf4 30. Rdg1 Ne6 31. f4 Nxf4 32. Rxg7+
Kh8 33. h6 Rg8 34. R1g5 f6 35. Rxg8+ Rxg8 36. Rf5 Rg6 37. Nc5 b6 38. Nd7
Rxh6 39. Nxf6 Rg6 40. Nd7 Ne6 41. Nxe5 Rg1+ 42. Kc2 Re1 43. Nf7+ Kg7 44. e5
c5 45. Rf6 Re4 46. Kd3 Re1 47. Rxe6 Kxf7 48. Rf6+ Ke7 49. Rc6 Rxe5 50. Rc7+
Kd6 51. Rxa7 Kc6 52. Rf7 Rd5+ 53. Kc2 Rd6 54. b4 cxb4 55. cxb4 Kb5 56. a3
Rh6 57. Rf5+ Ka6 58. Kb3 b5 59. Rc5 Rd6 60. Rc3 Kb6 61. a4 bxa4+ 62. Kxa4
Rd5 63. Kb3 Kb5 64. Rc4 Rd3+ 65. Rc3 Rxc3+ 66. Kxc3 Kb6 67. Kc4 Kc6 68. b5+
Kb6 69. Kb4 Kb7 70. Ka5 Ka7 71. b6+ Kb7 72. Kb5 Kb8 73. Ka6 Ka8 74. Ka5 Kb7
75. Kb5 Kb8 76. Kc6 Kc8 77. b7+ Kb8 78. Kb6 {Black stalemated} 1/2-1/2

[Event "ICC tourney 2028 (45 10)"]
[Site "Internet Chess Club"]
[Date "2020.10.03"]
[Round "5"]
[White "jacobsperber"]
[Black "wildrumpus"]
[Result "1-0"]
[ICCResult "Black checkmated"]
[WhiteElo "1225"]
[BlackElo "1454"]
[Opening "Queen's pawn game"]
[ECO "A46"]
[NIC "QP.06"]
[Time "21:01:19"]
[TimeControl "2700+10"]

1. d4 Nf6 2. Nf3 c5 3. Bg5 cxd4 4. Bxf6 exf6 5. Nxd4 Bc5 6. e3 O-O 7. Be2
Qb6 8. Nb3 Bb4+ 9. N1d2 d5 10. O-O Nc6 11. c3 Bd6 12. Nf3 Be6 13. Qc2 Rac8
14. Rfd1 Rfd8 15. Rac1 g6 16. Nbd4 Bg4 17. Qd2 Ne7 18. h3 Bd7 19. Bd3 a6 20.
Rc2 Nc6 21. Qc1 Ne5 22. Be2 Nc4 23. Nb3 Be6 24. Nfd4 Bd7 25. Bf3 Bb8 26.
Bxd5 Qc7 27. Nf3 Ne5 28. c4 Nxf3+ 29. Bxf3 Qh2+ 30. Kf1 b5 31. Rcd2 Rxc4 32.
Rc2 Rxc2 33. Qxc2 Rc8 34. Qe4 Be6 35. Nd4 Bxa2 36. b3 Be5 37. Qb7 Rc7 38.
Qxa6 Bb1 39. Qxb5 Bxd4 40. g3 Rc2 41. Bg2 Bxe3 42. Qe8+ Kg7 43. Qxe3 Rb2 44.
Qc3 Bc2 45. Rc1 Bd3+ 46. Qxd3 Ra2 47. b4 h5 48. h4 g5 49. hxg5 fxg5 50. Qb1
Ra7 51. Qb2+ f6 52. Rc6 Rf7 53. b5 h4 54. Qc3 h3 55. Bf3 g4 56. Be4 Kh6 57.
Rxf6+ Rxf6 58. Qxf6+ Kh5 59. Qg6# {Black checkmated} 1-0

[Event "ICC tourney 2028 (45 10)"]
[Site "Internet Chess Club"]
[Date "2020.10.03"]
[Round "5"]
[White "javasri"]
[Black "Abhinac123"]
[Result "1-0"]
[ICCResult "Black checkmated"]
[WhiteElo "261"]
[BlackElo "1447"]
[Opening "Ruy Lopez: exchange variation, 5.O-O"]
[ECO "C68"]
[NIC "RL.08"]
[Time "21:01:17"]
[TimeControl "2700+10"]

1. e4 e5 2. Nf3 Nc6 3. Bb5 a6 4. Bxc6 dxc6 5. O-O Bd6 6. d4 Bg4 7. dxe5 Bxf3
8. Qxf3 Bxe5 9. Qb3 Rb8 10. Be3 b6 11. Nd2 Ne7 12. Nc4 Ng6 13. Nxe5 Nxe5 14.
Qc3 f6 15. f4 Nd7 16. Qxc6 O-O 17. Rad1 Rf7 18. Rd4 Qe8 19. b4 Nf8 20. Qd5
c6 21. Qb3 c5 22. Rc4 b5 23. Rxc5 Qxe4 24. f5 Re8 25. Bf2 Nd7 26. Rd5 Ne5
27. Bg3 Nc4 28. Re1 Qxd5 29. Rxe8+ Rf8 30. Rxf8+ Kxf8 31. Qd3 Qxd3 32. cxd3
Ne3 33. Bd6+ Ke8 34. g4 Nxg4 35. Bf4 Ne5 36. Bxe5 fxe5 37. Kf2 Kf7 38. Kf3
Ke7 39. Ke4 Kd6 40. h3 g6 41. f6 Ke6 42. f7 Kxf7 43. Kxe5 Ke7 44. d4 h5 45.
h4 Kf7 46. Kf4 Kf6 47. d5 Ke7 48. Kg5 Kd6 49. Kxg6 Kxd5 50. Kxh5 Ke6 51. Kg6
Ke7 52. Kg7 Ke6 53. h5 Kf5 54. h6 Kg5 55. h7 Kf5 56. h8=Q Ke5 57. Qc8 Kd5
58. Qxa6 Kc4 59. a4 Kxb4 60. Qxb5+ Ka3 61. a5 Ka2 62. a6 Ka3 63. a7 Ka2 64.
a8=Q# {Black checkmated} 1-0